 Dungeon Crawl Stone Soup version 0.30-a0-1074-g5db6f66fbb (webtiles) character file.

Game seed: 3977598136036854788

11769 jimonade the Tainter (level 12, -8/88 HPs)
             Began as a Formicid Fighter on Apr 14, 2023.
             Was a High Priest of Cheibriados.
             Collided with a stone wall (19 damage)
             ... caused by a wretched star
             ... on level 2 of the Abyss.
             The game lasted 00:39:25 (13874 turns).

jimonade the Tainter (Formicid Fighter)            Turns: 13874, Time: 00:39:26

Health: -8/88      AC: 12    Str: 33    XL:     12   Next: 11%
Magic:  17/19      EV: 15    Int: 21    God:    Cheibriados [*****.]
Gold:   588        SH:  8    Dex: 30    Spells: 16/28 levels left

rFire   . . .      SeeInvis +    y - +0 long sword (spect)
rCold   + . .      Faith    .    c - +0 buckler
rNeg    . . .      Spirit   .    K - +2 robe {rC+}
rPois   .          Reflect  .    (helmet unavailable)
rElec   .          Rampage  .    f - +2 cloak
rCorr   .                        z - +2 pair of gloves
Will    +....                    N - +0 pair of boots
Stlth   ++++                     D - amulet of magic regeneration
HPRegen 0.34/turn                P - +6 ring of intelligence
MPRegen 0.56/turn                E - +6 ring of dexterity

@: confusing by touch, very slow
A: permanent stasis, dig shafts and tunnels, antennae 3, four strong arms,
[clumsy 2], [dopey 2], [low MP 2]
a: Dig, Shaft Self, Renounce Religion, Bend Time, Temporal Distortion, Slouch,
Step From Time


You were on level 2 of the Abyss.
You worshipped Cheibriados.
Cheibriados was extremely pleased with you.
You visited 3 branches of the dungeon, and saw 12 of its levels.
You visited the Abyss 1 time.

You collected 588 gold pieces.

Inventory:

Hand Weapons
 a - a +1 dagger of venom
 b - a +0 shortbow
 h - a +2 dagger of holy wrath
 j - a +0 longbow
 l - a +0 quarterstaff
 x - a +0 mace
 y - a +0 spectral long sword (weapon)
 O - a +0 long sword
Missiles
 w - 31 poisoned darts
Armour
 c - a +0 buckler (worn)
 f - a +2 cloak (worn)
 i - a +0 ring mail
 m - a +0 leather armour
 z - a +2 pair of gloves (worn)
 K - a +2 robe of cold resistance (worn)
 L - the +0 pair of boots "Natum" {Str+4 Int-2}
   (You found it on level 5 of the Dungeon)

   Str:       It affects your strength (+4).
   Int:       It affects your intelligence (-2).
 N - a +0 pair of boots (worn)
Jewellery
 p - an amulet of faith
 q - an amulet of guardian spirit
 B - an amulet of reflection
 D - an amulet of magic regeneration (around neck)
 E - a +6 ring of dexterity (right hand)
 H - a ring of ice
 P - a +6 ring of intelligence (left hand)
Wands
 v - a wand of acid (1)
 F - a wand of flame (7)
 G - a wand of charming (3)
Scrolls
 e - 2 scrolls of magic mapping
 k - 3 scrolls of identify
 n - a scroll of brand weapon
 r - 4 scrolls of fog
 C - a scroll of immolation
Potions
 d - a potion of might
 g - a potion of curing
 o - a potion of flight
 s - 2 potions of brilliance {unknown}
 u - 3 potions of attraction {unknown}
 A - 2 potions of ambrosia
 I - 2 potions of magic {unknown}
 R - 2 potions of lignification {unknown}
 S - 3 potions of heal wounds {unknown}
Miscellaneous
 t - a phantom mirror


   Skills:
 + Level 6.0 Fighting
 + Level 3.4(4.4) Short Blades
 + Level 4.0(4.7) Long Blades
 - Level 0.8 Maces & Flails
 + Level 3.4 Ranged Weapons
 + Level 5.4 Armour
 + Level 3.4 Dodging
 + Level 4.1 Stealth
 + Level 7.5 Shields
 * Level 8.8 Spellcasting
 * Level 9.0 Hexes
 * Level 2.1 Translocations
 + Level 1.5 Air Magic
 * Level 10.4 Poison Magic


You had 16 spell levels left.
You knew the following spells:

 Your Spells              Type           Power      Damage    Failure   Level
a - Confusing Touch       Hex            47%        N/A       1%          3
b - Poisonous Vapours     Pois/Air       68%        N/A       1%          2
c - Olgreb's Toxic Radia  Pois           52%        N/A       1%          4
d - Gell's Gravitas       Tloc           18%        N/A       11%         3

Your spell library contained the following spells:

 Spells                   Type           Power      Damage    Failure   Level
 Slow                     Hex            100%       N/A       1%          1
 Sting                    Tmut/Pois      100%       1d8       1%          1
 Tukima's Dance           Hex            47%        N/A       1%          3
 Inner Flame              Hex/Fire       28%        N/A       4%          3
 Foxfire                  Conj/Fire      36%        2x1d5     9%          1
 Kiss of Death            Conj/Necr      36%        2d8       9%          1
 Teleport Other           Tloc           18%        N/A       11%         3
 Vampiric Draining        Necr           9%         2d6       26%         3
 Passage of Golubria      Tloc           18%        N/A       34%         4
 Yara's Violent Unravell  Hex/Tmut       14%        3d7       36%         5
 Dispel Undead            Necr           9%         3d8       65%         4
 Enfeeble                 Hex            23%        N/A       88%         7
 Fireball                 Conj/Fire      4%         3d4       94%         5
 Dispersal                Tloc           9%         N/A       99%         6
 Plasma Beam              Fire/Air       6%         2x1d18    100%        6
 Starburst                Conj/Fire      4%         6d4       100%        6


Dungeon Overview and Level Annotations

Branches:
Dungeon (10/15)            Temple (1/1) D:5            Lair (1/5) D:10
    Orc: D:9-12

Altars:
Ashenzari
Cheibriados
Dithmenos
Elyvilon
Fedhas
Gozag
Hepliaklqana
Kikubaaqudgha
Makhleb
Nemelex Xobeh
Okawaru
Qazlal
Ru
Sif Muna
Trog
Uskayaw
Vehumet
Wu Jian
Xom
Yredelemnul
Zin
The Shining One

Shops:
D:4 =   D:10 :

Annotations:
D:7 exclusions: two-headed ogre and 2 water moccasins
D:10 exclusion: 2 wraiths, Josephine
Lair:1 exclusion: black mamba, Sonja


Innate Abilities, Weirdness & Mutations

You cannot be hasted, slowed, berserked, paralysed or teleported.
You can dig through walls and to a lower floor.
You have a pair of large antennae on your head. (SInv)
Your four strong arms can wield two-handed weapons with a shield.
[You are very clumsy. (Dex -4)]
[You are very dopey. (Int -4)]
[Your magical capacity is very low. (-20% MP)]


Message History

You feel stupid. x2
A spatial vortex comes into view.
The wretched star pulses with an eldritch light!
You feel less energetic. x2; You feel clumsy. x2
There is a gateway leading deeper into the Abyss here.
You closely miss the wretched star.
Your +0 spectral long sword hits the wretched star!
You block the black draconian's attack.
The black draconian hits you from afar with a +0 trident!
You barely miss the wretched star.
The wretched star is moderately damaged.
Your +0 spectral long sword closely misses the wretched star.
The wretched star glows turbulently.
The lance of force hits you.
You are knocked back by the lance of force.
You slam into the metal wall!
You block the black draconian's attack.
You are too injured to fight recklessly!
Casting: Confusing Touch (safe; 1% risk of failure)
Confirm with . or Enter, or press ? or * to list all spells.
Your hands begin to glow red.
The wretched star glows turbulently.
The lance of force hits you!!
* * * LOW HITPOINT WARNING * * *
You are knocked back by the lance of force.
You slam into the metal wall!
The black draconian hits you but does no damage.
You are too injured to fight recklessly!
Unknown command.
Unknown command.
Press: ? - help, v - describe, . - travel
Here: a black draconian, wielding a +0 trident (chance to confuse on hit: 52%)
The floor.
A spatial vortex comes into view.
The black draconian hits you but does no damage.
The wretched star glows turbulently.
The lance of force hits you!
* * * LOW HITPOINT WARNING * * *
You are knocked back by the lance of force.
You slam into the stone wall!
You die...

.## ... #..###
..#..# ##
##....# #..
..... #. ..
#..### .. ##
..##...## #
....#@*ยง#....#
##.d#........
....#.v....##
#.##.#...#..# #.
#.##..#.#..####.
#{##.### #. ..
{...## #..#
##...###...# {
#..#.#...##


You could see a black draconian, a wretched star and a spatial vortex.

Vanquished Creatures
  Fannar (D:10)
  A two-headed ogre (D:10)
  A cyclops (D:9)
  2 cane toads (Lair:1)
  A komodo dragon (Lair:1)
  2 trolls (D:9)
  3 blink frogs (Lair:1)
  2 wraiths
  2 shadows
  Eustachio (D:4)
  2 wyverns
  10 yaks
  3 steam dragons
  4 water moccasins
  9 orc warriors
  An ice beast (D:7)
  An ogre (D:5)
  3 sky beasts
  3 black bears
  4 centaurs
  2 phantoms
  3 kobold brigands
  2 bullfrogs (D:8)
  A gnoll sergeant (D:9)
  4 scorpions
  2 wights
  13 killer bees
  6 howler monkeys
  An electric eel (D:6)
  3 gnoll boudas
  9 orc priests
  3 hounds
  5 jellies
  2 sleepcaps
  3 iguanas
  Natasha (thrice) (D:4)
  12 orc wizards
  19 gnolls
  4 adders
  A white imp (D:6)
  2 ufetubi (D:4)
  3 dart slugs
  34 orcs
  8 ball pythons
  5 endoplasms
  A giant cockroach (D:4)
  8 goblins
  4 hobgoblins
  11 jackals
  20 kobolds
  4 quokkas
  2 bats
  3 frilled lizards
  7 rats
266 creatures vanquished.

Vanquished Creatures (others)
  A plant (Lair:1)
1 creature vanquished.

Grand Total: 267 creatures vanquished

Notes
Turn   | Place    | Note
-------+----------+-------------------------------------------
     0 | D:1      | jimonade the Formicid Fighter began the quest for the Orb.
     0 | D:1      | Reached XP level 1. HP: 18/18 MP: 1/1
   179 | D:1      | Reached XP level 2. HP: 20/24 MP: 2/2
   520 | D:1      | Reached XP level 3. HP: 19/29 MP: 3/3
   578 | D:1      | Found a faded altar of an unknown god.
  2336 | D:3      | Reached skill level 1 in Spellcasting
  2336 | D:3      | Reached XP level 4. HP: 21/36 MP: 3/5
  2880 | D:3      | Reached XP level 5. HP: 30/41 MP: 8/8
  3032 | D:3      | Reached skill level 1 in Poison Magic
  3438 | D:4      | Found Amairoji's Jewellery Boutique.
  3471 | D:4      | Reached skill level 1 in Hexes
  3482 | D:4      | Reached XP level 6. HP: 48/48 MP: 9/9
  3495 | D:4      | Reached skill level 2 in Poison Magic
  3535 | D:4      | Found a hide-covered altar of Uskayaw.
  3555 | D:4      | Noticed Natasha
  3559 | D:4      | Killed Natasha
  3701 | D:4      | Noticed Natasha
  3715 | D:4      | Killed Natasha
  3856 | D:4      | Noticed Natasha
  3863 | D:4      | Killed Natasha
  3930 | D:4      | Reached XP level 7. HP: 51/54 MP: 11/11
  4041 | D:4      | Reached skill level 5 in Shields
  4356 | D:4      | Noticed Eustachio
  4406 | D:4      | Killed Eustachio
  4407 | D:4      | Reached skill level 3 in Poison Magic
  4727 | D:4      | Reached skill level 1 in Short Blades
  4864 | D:5      | Entered Level 5 of the Dungeon
  4867 | D:5      | Identified the +0 pair of boots "Natum" {Str+4 Int-2}
  4936 | D:5      | Reached skill level 1 in Dodging
  4936 | D:5      | Reached XP level 8. HP: 53/61 MP: 13/13
  5169 | D:5      | Reached skill level 4 in Poison Magic
  6006 | D:5      | Reached skill level 1 in Ranged Weapons
  6045 | D:5      | Found a staircase to the Ecumenical Temple.
  6055 | Temple   | Entered the Ecumenical Temple
  6298 | D:4      | HP: 3/61 [poisoned by a scorpion]
  6303 | D:4      | Reached skill level 5 in Fighting
  6554 | D:5      | Reached skill level 5 in Poison Magic
  6554 | D:5      | Reached XP level 9. HP: 12/68 MP: 15/15
  6885 | D:6      | Reached skill level 1 in Stealth
  6924 | D:6      | Found a sacrificial altar of Ru.
  7000 | D:6      | Found a snail-covered altar of Cheibriados.
  7045 | D:6      | Became a worshipper of Cheibriados the Contemplative
  7593 | D:6      | Reached skill level 5 in Armour
  7866 | D:6      | Learned a level 3 spell: Confusing Touch
  7869 | D:6      | Learned a level 2 spell: Poisonous Vapours
  7925 | D:7      | Found a stormy altar of Qazlal.
  7985 | D:7      | Reached skill level 5 in Spellcasting
  8420 | D:7      | Reached skill level 5 in Hexes
  8463 | D:7      | Reached skill level 6 in Poison Magic
  8612 | D:7      | Reached * piety under Cheibriados
  8622 | D:7      | Reached XP level 10. HP: 61/76 MP: 12/18
  8771 | D:7      | Noticed a two-headed ogre
  9484 | D:7      | Reached ** piety under Cheibriados
 10120 | D:8      | Learned a level 4 spell: Olgreb's Toxic Radiance
 10141 | D:8      | Reached skill level 7 in Poison Magic
 10577 | D:8      | Reached *** piety under Cheibriados
 11128 | D:9      | Reached skill level 1 in Air Magic
 11259 | D:9      | Reached skill level 8 in Poison Magic
 11259 | D:9      | Reached XP level 11. HP: 81/81 MP: 19/21
 11322 | D:9      | Noticed a cyclops
 11329 | D:9      | Killed a cyclops
 11464 | D:9      | Reached **** piety under Cheibriados
 11891 | D:9      | Found a glowing golden altar of the Shining One.
 12047 | D:10     | Entered Level 10 of the Dungeon
 12138 | D:10     | Reached skill level 9 in Poison Magic
 12425 | D:10     | Found a staircase to the Lair.
 12520 | D:10     | Noticed Josephine
 12585 | D:10     | Found Toak's Book Boutique.
 12585 | D:10     | Noticed a two-headed ogre
 12610 | D:10     | Killed a two-headed ogre
 12997 | D:10     | Reached ***** piety under Cheibriados
 13159 | D:10     | Noticed Fannar
 13172 | D:10     | Killed Fannar
 13173 | D:10     | Reached skill level 1 in Translocations
 13352 | D:10     | Learned a level 3 spell: Gell's Gravitas
 13356 | Lair:1   | Entered Level 1 of the Lair of Beasts
 13376 | Lair:1   | Reached skill level 10 in Poison Magic
 13539 | Lair:1   | Reached XP level 12. HP: 71/88 MP: 19/24
 13771 | Lair:1   | Noticed Sonja
 13782 | Abyss:2  | Cast into level 2 of the Abyss (Sonja)
 13791 | Abyss:2  | Found a corrupted altar of Lugonu.
 13865 | Abyss:2  | Noticed a wretched star
 13867 | Abyss:2  | Noticed a black draconian
 13874 | Abyss:2  | Collided with a stone wall

Illustrated notes

Levels and vault maps discovered:
D:1:      scummos_arrival_simple_fountains, layout_basic, basic_ecumenical_altar
D:2:      mumra_celtic_spiral_tile, layout_loops_corners, lemuel_flame_loot_1
D:3:      layout_basic
D:4:      layout_loops_ring, eat_drink_and_be_merry_uskayaw, serial_shops,
          nicolae_shop_hallway_stairs, corner_web_ring, uniq_natasha,
          uniq_eustachio
D:5:      layout_basic, minmay_temple_entry_arrows, serial_rivers,
          chequers_serial_rivers_micro_d, chequers_serial_rivers_marsh,
          chequers_serial_rivers_micro_a, chequers_serial_rivers_small_b,
          chequers_serial_rivers_micro_a, chequers_serial_rivers_micro_d
D:6:      layout_rooms, old_standard_altar, mainiacjoe_overflow_surrounded_room,
          kennysheep_dice
D:7:      layout_basic, nicolae_qazlal_general_emergency, grunt_decor_arrowhead,
          nzn_random_ring
D:8:      layout_cave_pools, kennysheep_generic_room_8
D:9:      layout_big_octagon, marbit_many_paths
D:10:     layout_loops_cross, lair_entry_dummy, serial_shops,
          nicolae_shop_advertising_works [nicolae_subvault_shop_adworks],
          uniq_josephine, uniq_fannar
Temple:   minmay_crystal_spiral_temple
Lair:1:   layout_small_grid, st_stairs_3, serial_bayou_shore_b, uniq_sonja
Abyss:2:  base: Lair:1, hangedman_steaming_rock,
          guppyfry_abyss_exit_spiral_guarded

Skill      XL: |  1  2  3  4  5  6  7  8  9 10 11 12 |
---------------+-------------------------------------+-----
Spellcasting   | 1 2 3 4 5 7 8 |  8.8
Poison Magic   | 1 2 3 5 6 8 10 | 10.4
Long Blades    | 3 4 |  4.0
Hexes          | 1 2 3 5 7 8 9 |  9.0
Armour         | 4 5 |  5.4
Fighting       | 4 5 6 |  6.0
Shields        | 5 6 7 |  7.5
Short Blades   | 1 2 3 |  3.4
Dodging        | 1 2 3 |  3.4
Ranged Weapons | 1 2 3 |  3.4
Stealth        | 1 3 4 |  4.1
Air Magic      | 1 |  1.5
Translocations | 2 |  2.1
Maces & Flails | |  0.8

Action                     |  1- 3 |  4- 6 |  7- 9 | 10-12 || total
---------------------------+-------+-------+-------+-------++-------
  Melee: Long sword        |   108 |    60 |    17 |    55 ||   240
         Whip              |       |   109 |    29 |       ||   138
         Dagger            |       |       |   362 |   234 ||   596
   Fire: Shortbow          |       |       |    61 |    28 ||    89
   Cast: Confusing Touch   |       |       |     3 |    31 ||    34
         Poisonous Vapours |       |       |       |    76 ||    76
         Olgreb's Toxic Ra |       |       |       |    37 ||    37
         Gell's Gravitas   |       |       |       |     2 ||     2
Ability: Dig               |     1 |       |       |       ||     1
    Use: Scroll            |       |       |    10 |     2 ||    12
         Potion            |       |       |     4 |       ||     4
   Stab: Confused          |       |       |     3 |    19 ||    22
         Sleeping          |       |       |       |     2 ||     2
 Armour: Scale mail        |    38 |    69 |    28 |       ||   135
         Ring mail         |       |       |    69 |       ||    69
         Leather armour    |       |       |    20 |    41 ||    61
         Robe              |       |       |       |     9 ||     9
  Dodge: Dodged            |    40 |    62 |   140 |   121 ||   363
  Block: Buckler           |    20 |    61 |   197 |   179 ||   457
         Reflection        |       |     3 |     3 |    12 ||    18

Table legend: (Time is in decaauts)
 A = Elapsed time spent in this place.
 B = Non-inter-level travel time spent in this place.
 C = Inter-level travel time spent in this place.
 D = Time resting spent in this place.
 E = Time spent auto-exploring this place.
 F = Levels seen in this place.
 G = Mean time per level.
                   A        B        C        D        E       F      G
               +--------+--------+--------+--------+--------+-----+--------+
         Total |  15776 |  15168 |    608 |   2242 |   8820 |  13 | 1213.5 |
       Dungeon |  14926 |  14401 |    525 |   2014 |   8625 |  10 | 1492.6 |
        Temple |    210 |    127 |     83 |      0 |    111 |   1 |  210.0 |
          Lair |    493 |    493 |      0 |    228 |     29 |   1 |  493.0 |
         Abyss |    145 |    145 |      0 |      0 |     54 |   1 |  145.0 |
               +--------+--------+--------+--------+--------+-----+--------+

Top non-repeatable levels by time:
     D:7: 2563 daAuts
    D:10: 1792 daAuts
     D:5: 1643 daAuts
     D:4: 1542 daAuts
     D:9: 1429 daAuts
     D:2: 1357 daAuts
     D:8: 1294 daAuts
     D:6: 1185 daAuts
     D:1: 1102 daAuts
     D:3: 1016 daAuts
  Lair:1: 493 daAuts
  Temple: 210 daAuts
 Abyss:2: 145 daAuts
